 Dungeon Crawl Stone Soup version 0.27.1-16-g815e20cd7a (webtiles) character file.

Game seed: 3716560648516353583

6923 TheCrusader the Spear-Bearer (level 10, -5/204 HPs)
             Began as a Minotaur Berserker on Nov 22, 2021.
             Was an Elder of Trog.
             Killed from afar by a tengu conjurer (17 damage)
             ... with a bolt of lightning
             ... on level 9 of the Dungeon.
             The game lasted 00:46:49 (8995 turns).

TheCrusader the Spear-Bearer (Minotaur Berserker)   Turns: 8995, Time: 00:46:53

Health: -5/204     AC: 25    Str: 25    XL:     10   Next: 80%
Magic:  9/9        EV:  2    Int:  4    God:    Trog [****..]
Gold:   474        SH:  0    Dex: 16    Spells: 9/9 levels left

rFire    . . .     SeeInvis .   q - +8 demon trident "Rift" {distort, reach+}
rCold    . . .     Faith    .   (no shield)
rNeg     + + +     Spirit   .   (armour currently unavailable)
rPois    +         Reflect  .   (helmet currently unavailable)
rElec    .         Harm     .   (cloak currently unavailable)
rCorr    .         Rampage  .   (gloves currently unavailable)
Will     ++...     NoTele   +   (boots currently unavailable)
Stlth    ..........             s - amulet of regeneration
HPRegen  2.44/turn              y - ring of flight
MPRegen  0.11/turn              H - +6 ring of dexterity

@: berserking, tree-form, strong-willed, regenerating, very quick
A: stationary, stasis, torment immunity, boosted hp, (horns 2), (retaliatory
headbutt)
a: Renounce Religion, Berserk, Trog's Hand, Brothers in Arms


You were on level 9 of the Dungeon.
You worshipped Trog.
Trog was greatly pleased with you.
You were a tree.
You visited 1 branch of the dungeon, and saw 9 of its levels.
You also visited: Sewer.

You collected 474 gold pieces.

Inventory:

Hand Weapons
 a - a +0 mace
 k - a +0 flail
 q - the +8 demon trident "Rift" (weapon) {distort, reach+}
   (You found it on level 6 of the Dungeon)

   It warps and distorts space around it, and may blink, banish, or inflict
   extra damage upon those it strikes.
   Unwielding it can cause banishment or high damage.
   It can reach especially far, and its reaching attacks ignore other creatures
   in the way.
 A - a +0 hand axe of distortion
 E - a +4 vorpal flail
Missiles
 j - 174 stones (quivered)
 G - 119 arrows
Armour
 m - a +0 cloak (melded)
 n - a +1 pair of boots (melded)
 F - a +4 scale mail of willpower (melded)
Jewellery
 s - an amulet of regeneration (around neck)
 y - a ring of flight (left branch)
 H - a +6 ring of dexterity (right branch)
Wands
 v - a wand of flame (21)
Scrolls
 c - 9 scrolls of identify
 d - 2 scrolls of enchant weapon {unknown}
 e - a scroll of holy word {unknown}
 i - a scroll of brand weapon {unknown}
 l - 3 scrolls of teleportation {unknown}
 p - 3 scrolls of enchant armour {unknown}
 r - a scroll of fear {unknown}
 u - 3 scrolls of magic mapping {unknown}
 w - 2 scrolls of fog {unknown}
 x - 2 scrolls of amnesia {unknown}
 B - a scroll of vulnerability {unknown}
Potions
 b - a potion of heal wounds
 f - 2 potions of lignification
 g - 2 potions of resistance {unknown}
 h - 3 potions of flight
 o - 3 potions of curing {unknown}
 t - a potion of ambrosia {unknown}
 z - a potion of brilliance {unknown}
 D - a potion of attraction {unknown}


   Skills:
 + Level 9.2 Fighting
 - Level 9.7 Maces & Flails
 + Level 10.9 Polearms
 + Level 9.8 Armour
 + Level 5.4 Dodging


You had 9 spell levels left.
You didn't know any spells.
Your spell library was empty.

Dungeon Overview and Level Annotations

Branches:
Dungeon (8/15)             Temple (0/1) D:5           Sewer (visited)
   Lair: D:8-11

Altars:
Hepliaklqana
Makhleb
Ru
Trog
Vehumet

Shops:
D:9 (

Annotations:
D:6 2 runed translucent doors


Innate Abilities, Weirdness & Mutations

You are a tree.
Your roots penetrate the ground, keeping you stationary.
You cannot be teleported.
You are immune to unholy pain and torment.
Your maximum health is greatly increased.
Your equipment is partially melded.
((You have a pair of horns on your head.))
((You reflexively headbutt those who attack you in melee.))


Message History

You kill the purple ugly thing!
Trog accepts your kill. The fire elemental hits you.
* * * LOW HITPOINT WARNING * * *
The fire elemental burns you!
* * * LOW HITPOINT WARNING * * *
The raiju bites you.
* * * LOW HITPOINT WARNING * * *
The raiju shocks you!
* * * LOW HITPOINT WARNING * * *
You are too berserk!
You puncture the raiju!
The raiju is severely wounded.
The deep elf pyromancer casts a spell.
The deep elf pyromancer blinks!
The fire elemental barely misses you.
You impale the raiju!!
You kill the raiju!
Trog accepts your kill.
The shadow strikes at you from the darkness!
* * * LOW HITPOINT WARNING * * *
Reactivating autopickup.
You barely miss the deep elf pyromancer.
The fire elemental hits you. The fire elemental burns you!
* * * LOW HITPOINT WARNING * * *
You impale the shadow!!
You destroy the shadow!
Trog accepts your kill. The fire elemental hits you.
The deep elf pyromancer hits you but does no damage.
You impale the deep elf pyromancer!!
Space warps horribly around the deep elf pyromancer!
The deep elf pyromancer is almost dead.
You impale the deep elf pyromancer!!
You kill the deep elf pyromancer!
Trog accepts your kill.
Trog appreciates your killing of a magic user.
The fire elemental disappears in a puff of smoke!
The tengu conjurer points at you and mumbles some strange words.
The bolt of lightning hits you!
You die...

..##... # ..#..# #.
#.#..# .# #.#.# .
#...# #. #.#.# #.#
##.#.########
#.§#####..#.........
#.♣*Q.§.##.........
####.#####.####.###
#.... #.# #.# ##.###
#.# #.. $*. #.# ....
#.# #.# ##∩## ...
..# .. #.# ..


You could see a tengu conjurer and a battlesphere.

Vanquished Creatures
  A two-headed ogre (D:6)
  Pikel (D:8)
  A deep elf pyromancer (D:9)
  3 ugly things
  A raiju (shapeshifter) (D:9)
  A shadow (D:9)
  A wyvern (D:8)
  A wraith (D:7)
  A steam dragon (D:9)
  Edmund (D:6)
  5 orc warriors
  An ice beast (D:6)
  A black bear (D:3)
  An ogre (D:4)
  A lemure (D:8)
  5 centaurs
  2 phantoms (D:6)
  2 kobold brigands
  4 bullfrogs
  4 scorpions
  A water moccasin zombie (D:6)
  A wyvern skeleton (D:7)
  4 wights (D:7)
  A howler monkey (D:9)
  A gnoll shaman (D:7)
  3 centaur zombies (D:9)
  A hound (D:5)
  A centaur skeleton (D:7)
  2 orc priests
  8 orc wizards
  Natasha (thrice) (D:2)
  6 gnolls
  13 adders
  2 river rats (Sewer)
  A shadow imp (D:5)
  A white imp (D:6)
  An ufetubus (D:5)
  A dart slug (D:1)
  22 orcs
  5 ball pythons
  2 endoplasms (D:1)
  3 giant cockroaches
  3 goblins
  5 hobgoblins
  4 jackals
  4 quokkas
  4 bats
  3 frilled lizards
  10 kobolds
  8 rats
162 creatures vanquished.

Vanquished Creatures (others)
  A killer bee (D:9)
  7 plants (D:9)
8 creatures vanquished.

Grand Total: 170 creatures vanquished

Notes
Turn   | Place    | Note
-------+----------+-------------------------------------------
     0 | D:1      | TheCrusader the Minotaur Berserker began the quest for the
                  | Orb.
     0 | D:1      | Reached XP level 1. HP: 19/19 MP: 0/0
   275 | D:1      | Reached XP level 2. HP: 27/27 MP: 1/1
   510 | D:1      | Found a faded altar of an unknown god.
   511 | D:1      | Noticed a great orb of eyes
   513 | D:1      | Noticed a great orb of eyes
   513 | D:1      | Noticed an eye of devastation
   513 | D:1      | Noticed a shining eye
  1649 | D:2      | Noticed Natasha
  1658 | D:2      | Killed Natasha
  1659 | D:2      | Reached XP level 3. HP: 32/33 MP: 2/2
  1668 | D:2      | Noticed Natasha
  1673 | D:2      | Killed Natasha
  1673 | D:2      | Reached ** piety under Trog
  1674 | D:2      | Reached XP level 4. HP: 31/41 MP: 3/3
  1736 | D:2      | Noticed Natasha
  1750 | D:2      | Reached skill level 5 in Maces & Flails
  1751 | D:2      | Killed Natasha
  2490 | D:2      | Reached XP level 5. HP: 47/47 MP: 4/4
  2817 | D:3      | Found a bloodstained altar of Trog.
  3076 | D:3      | Found a glowing drain.
  3094 | Sewer    | Entered a sewer
  3172 | Sewer    | Reached XP level 6. HP: 43/55 MP: 5/5
  3269 | Sewer    | Found a white marble altar of Elyvilon.
  3585 | D:3      | Reached skill level 5 in Fighting
  3979 | D:4      | Reached *** piety under Trog
  4340 | D:4      | Reached XP level 7. HP: 59/61 MP: 6/6
  4516 | D:4      | Found a hazy altar of Hepliaklqana.
  4723 | D:5      | Entered Level 5 of the Dungeon
  4725 | D:5      | Found a sacrificial altar of Ru.
  4914 | D:5      | Identified the +0 robe of Ghostly Satisfaction {*Corrode
                  | Fly Dex+5}
  5055 | D:5      | Found a burning altar of Makhleb.
  5319 | D:5      | Found a staircase to the Ecumenical Temple.
  5651 | D:6      | Found a large runed translucent door.
  5652 | D:6      | Found a large runed translucent door.
  5658 | D:6      | Found a large runed translucent door.
  5658 | D:6      | Found a large runed translucent door.
  5658 | D:6      | Found the +8 demon trident "Rift" {distort, reach+}
  5683 | D:6      | Reached skill level 5 in Armour
  5814 | D:6      | Reached **** piety under Trog
  5815 | D:6      | Reached XP level 8. HP: 53/70 MP: 7/7
  6090 | D:6      | Noticed Edmund
  6102 | D:6      | Killed Edmund
  7223 | D:6      | Noticed a two-headed ogre
  7231 | D:6      | Killed a two-headed ogre
  7232 | D:6      | Reached skill level 2 in Polearms
  7232 | D:6      | Reached XP level 9. HP: 19/79 MP: 8/8
  7233 | D:6      | Reached skill level 3 in Polearms
  7611 | D:7      | Reached skill level 4 in Polearms
  7770 | D:7      | Found a radiant altar of Vehumet.
  7841 | D:7      | Reached skill level 5 in Polearms
  7947 | D:7      | Noticed a green ugly thing
  7958 | D:7      | Killed a green ugly thing
  7959 | D:7      | Reached skill level 7 in Polearms
  8594 | D:8      | Noticed Pikel
  8603 | D:8      | Killed Pikel
  8604 | D:8      | Reached skill level 8 in Polearms
  8604 | D:8      | Reached XP level 10. HP: 88/88 MP: 9/9
  8644 | D:8      | You are sucked into a shaft and drop 1 floor!
  8676 | D:9      | Reached skill level 9 in Polearms
  8926 | D:9      | Noticed a manticore
  8929 | D:9      | Banished a manticore
  8930 | D:9      | Reached skill level 10 in Polearms
  8931 | D:9      | Found Fausk's Firing Range.
  8952 | D:9      | Noticed a brown ugly thing
  8954 | D:9      | Noticed a white ugly thing
  8955 | D:9      | Noticed a deep elf pyromancer
  8965 | D:9      | Killed a purple ugly thing
  8966 | D:9      | Reached skill level 5 in Dodging
  8989 | D:9      | Killed a purple ugly thing
  8992 | D:9      | HP: 8/204 [fire elemental[a deep elf pyromancer] (11)]
  8995 | D:9      | Killed a deep elf pyromancer
  8995 | D:9      | Killed from afar by a tengu conjurer

Illustrated notes

Levels and vault maps discovered:
D:1:      minmay_arrival_five_plusses, layout_basic,
          hellmonk_ecumenical_altar_watching_god
D:2:      layout_rooms, uniq_natasha
D:3:      layout_basic, trog_three_pillars_becter, serial_aquarium,
          aquarium_bridge_square [aquarium_subvault_bridge,
          aquarium_subvault_balcony, aquarium_subvault_wall,
          aquarium_subvault_bridge], aquarium_bridge_square
          [aquarium_subvault_window, aquarium_subvault_bridge,
          aquarium_subvault_bridge, aquarium_subvault_balcony],
          aquarium_window_1, aquarium_window_1, aquarium_window_fake,
          aquarium_view_2f, aquarium_pool_four, portal_sewer_entry_f
D:4:      layout_cave_pools, general_overflow_altar
D:5:      layout_basic, makhleb_heckhound_becter, mainiacjoe_overflow_chevrons,
          minmay_temple_entry_stoned_glass
D:6:      layout_loops_ring, minmay_hollow_rounded_squares, uniq_edmund
D:7:      layout_loops_corners, vehumet_altar_wand_db
D:8:      layout_basic, lair_entry_dummy, minmay_splitting_lines, uniq_pikel,
          uniq_maurice
D:9:      minmay_the_grid_4x2 [minmay_the_grid_stretched_grid,
          minmay_the_grid_expand, minmay_the_grid_gridbox,
          minmay_the_grid_slots, minmay_the_grid_embedded,
          minmay_the_grid_empty, minmay_the_grid_garden,
          minmay_the_grid_prize_inner_circle], layout_long_grid,
          lemuel_blue_sif_altar, ebering_ghost_disaster_area,
          chequers_serial_rivers_micro_d, chequers_serial_rivers_micro_b,
          nicolae_shop_firing_range

Skill      XL: |  1  2  3  4  5  6  7  8  9 10 |
---------------+-------------------------------+-----
Maces & Flails | 4 5 6 7 8 9 |  9.7
Fighting       | 4 5 7 8 9 |  9.2
Dodging        | 3 4 5 |  5.4
Armour         | 3 4 5 8 9 |  9.8
Polearms       | 2 8 10 | 10.9

Action                   |  1- 3 |  4- 6 |  7- 9 | 10-12 || total
-------------------------+-------+-------+-------+-------++-------
Melee: Mace              |    42 |       |       |       ||    42
       Headbutt          |     9 |    21 |    33 |     8 ||    71
       Flail             |    10 |   123 |   130 |       ||   263
       Demon trident     |       |       |    63 |    75 ||   138
Invok: Berserk           |     1 |     3 |     7 |     2 ||    13
       Trog's Hand       |       |       |     2 |     4 ||     6
  Use: Scroll            |       |       |     1 |       ||     1
       Potion            |       |       |       |     4 ||     4
Armor: Animal skin       |     8 |       |       |       ||     8
       Leather armour    |     3 |    16 |       |       ||    19
       Chain mail        |       |    66 |    60 |       ||   126
       Ring mail         |       |     2 |       |       ||     2
       Scale mail        |       |       |    30 |    26 ||    56
       Skin              |       |       |       |    88 ||    88
Dodge: Dodged            |    49 |    90 |    83 |    30 ||   252
